 Dungeon Crawl Stone Soup version 0.32-a0-913-g739538afd8 (webtiles) character file.

Game seed: 936863006671291368

23219 MackTheKnife the Cleaver (level 13, -13/96 HPs)
             Began as a Djinni Reaver on Apr 8, 2024.
             Was an Initiate of Gozag.
             Hit by a silver javelin thrown by a minotaur (26 damage)
             ... in a Gauntlet.
             The game lasted 00:24:07 (14593 turns).

MackTheKnife the Cleaver (Djinni Reaver)           Turns: 14593, Time: 00:24:08

Health: -13/96     AC: 10    Str: 13    XL:     13   Next: 33%
Gold:   273        EV: 21    Int: 23    God:    Gozag SH:  5 Dex: 19

rFire   + + +        c - +11 war axe "Jellybane" {freeze, rF+ Stlth+, axe}
rCold   . . .        (no shield)
rNeg    . . .        L - +1 robe {Will+}
rPois   ∞            s - +2 helmet
rElec   +            b - +1 cloak of the Soft God {Regen+ Int+2}
rCorr   +            l - +1 pair of gloves
SInv    .            (boots unavailable)
Will    ++...        H - amulet of reflection
Stlth   +++          E - ring "Qecreec" {EV+5 Dex+4}
HPRegen 1.16/turn    K - +6 ring of intelligence

%: no teleportation, reflection, infuse magic (-14 HP)
@: mighty, resistant, unable to call your familiar, flying, hasted, very quick
A: sickness immunity, fire resistance 2, cold vulnerability 1, float, innate
caster, HP casting, extra vitality 1
a: Renounce Religion, Potion Petition, Call Merchant, Bribe Branch


You were in a Gauntlet.
You worshipped Gozag.
Gozag was aware of your devotion.
You visited 2 branches of the dungeon, and saw 14 of its levels.
You also visited: Sewer and Gauntlet.

You collected 2699 gold pieces.
You spent 165 gold pieces at shops.
You paid 2261 gold pieces to Gozag.


Innate Abilities, Weirdness & Mutations

You are immune to sickness and miasma.
You are immune to poison.
Your flesh is very heat resistant. (rF++)
You are vulnerable to cold. (rC-)
You float through the air rather than walking.
You learn spells naturally, not from books.
Your magical power is your life essence.
You have superior vitality. (+4 MHP)


   Skills:
 - Level 10.0 Fighting
 - Level 11.8(12.0) Axes
 - Level 2.4(7.9) Maces & Flails
 - Level 8.0 Dodging
 + Level 9.5 Spellcasting
 + Level 9.5 Conjurations
 + Level 9.5 Hexes
   Level 0.0 Charms
 + Level 9.5 Summonings
 + Level 9.5 Necromancy
 + Level 9.5 Translocations
   Level 0.0 Transmutations
 + Level 9.5 Fire Magic
 + Level 9.5 Ice Magic
 + Level 9.5 Air Magic
 + Level 9.5 Earth Magic
 + Level 9.5 Alchemy


You knew the following spells:

 Your Spells              Type           Power      Damage    Failure   Level
a - Necrotise             Necr           100%       1d9       1%          1
b - Momentum Strike       Conj/Tloc      100%       3d10      1%          2
c - Hailstorm             Conj/Ice       53%        3d10      1%          3
d - Blink                 Tloc           100%       N/A       1%          2
e - Fugue of the Fallen   Necr           53%        N/A       1%          3
f - Call Canine Familiar  Summ           53%        N/A       1%          3
g - Alistair's Intoxicat  Alch           35%        N/A       3%          5
h - Lee's Rapid Deconstr  Erth           26%        3d14*     3%          5
T - Kiss of Death         Conj/Necr      100%       2d13      1%          1
Your spell library was empty.

Inventory:

Hand Weapons
 c - the +11 war axe "Jellybane" (weapon) {freeze, rF+ Stlth+, axe}
   (You found it on level 4 of the Dungeon)

   rF+:       It protects you from fire.
   Stlth+:    It makes you more stealthy.
Missiles
 h - 33 poisoned darts {throwing}
 t - 5 curare-tipped darts (quivered) {=fthrowing}
Armour
 b - the +1 cloak of the Soft God (worn) {Regen+ Int+2}
   (You acquired it on level 1 of the Lair of Beasts)

   Int+2:     It affects your intelligence (+2).
   Regen+:    It increases your rate of health regeneration.
 l - a +1 pair of gloves (worn)
   (You found it on level 3 of the Dungeon)
 s - a +2 helmet (worn)
   (You took it off Robin on level 4 of the Dungeon)
 L - a +1 robe of willpower (worn)
   (You took it off an orc wizard on level 9 of the Dungeon)
Jewellery
 r - the ring of the Devil {Fly rF+ rN+}
   (You found it in a Gauntlet)

   [ring of positive energy]

   rF+:       It protects you from fire.
   rN+:       It protects you from negative energy.
   Fly:       It grants you flight.
 y - a ring of protection from cold
   (You found it on level 5 of the Dungeon)
 E - the ring "Qecreec" (left hand) {EV+5 Dex+4}
   (You found it in a Gauntlet)

   [ring of evasion]

   EV+5:      It affects your evasion (+5).
   Dex+4:     It affects your dexterity (+4).
 H - an amulet of reflection (around neck)
   (You bought it in a shop on level 8 of the Dungeon)
 K - a +6 ring of intelligence (right hand)
   (You found it on level 10 of the Dungeon)
Talismans
 w - the serpent talisman of Uskayaw's Anger {+Blink MP+9 Dex+3}
   (You found it on level 7 of the Dungeon)

   [serpent talisman]

   Dex+3:     It affects your dexterity (+3).
   MP+9:      It affects your magic capacity (+9).
   +Blink:    It lets you blink.
Wands
 p - a wand of acid (2)
   (You took it off an orc wizard on level 10 of the Dungeon)
 B - a wand of flame (11)
   (You found it on level 5 of the Dungeon)
 C - a wand of paralysis (5)
   (You found it on level 5 of the Dungeon)
 G - a wand of polymorph (2)
   (You found it on level 7 of the Dungeon)
Scrolls
 a - 5 scrolls of enchant weapon
 f - a scroll of fear
 i - a scroll of teleportation {@r4}
 n - 3 scrolls of fog
 q - a scroll of immolation {!r!r}
 u - 4 scrolls of vulnerability {!r!r}
 v - a scroll of blinking {!r}
 x - a scroll of summoning
 z - a scroll of revelation
 A - a scroll of torment {unknown}
 F - a scroll of noise {unknown}
 J - a scroll of brand weapon
Potions
 d - 3 potions of attraction {unknown}
 e - 3 potions of enlightenment {unknown}
 g - 2 potions of lignification {!q}
 j - 7 potions of curing {@q1}
 k - 4 potions of brilliance {unknown}
 m - a potion of cancellation {unknown}
 o - a potion of degeneration {unknown}
 D - 3 potions of invisibility {unknown}
 I - a potion of heal wounds {unknown}

Dungeon Overview and Level Annotations

Branches:
Dungeon (10/15) Zot: 25123  Temple (0/1) D:5            Lair (4/5) D:9 Zot: 20632
 Spider (0/4) Lair:2        Slime (0/5) Lair:4          Orc (0/2) D:9
  Sewer (visited)         Gauntlet (1/1) Zot: 5651
  Swamp: Lair:2-3    Shoals: Lair:2-3

Altars:
Cheibriados
Dithmenos
Elyvilon
Fedhas
Gozag
Hepliaklqana
Makhleb
Qazlal
Ru
Trog
Wu Jian
Xom
Lugonu

Shops:
D:8 *   Lair:1 =

Portals:
Abyss: D:7

Annotations:
D:4 3 runed translucent doors, Estrix's ghost, amateur DrSh
D:7 2 runed translucent doors
Lair:3 exclusion: 4 oklob plants Gauntlet 6 transporters, exclusion: ice statue

######..#.###
########..##§..#|#..
#.........###..#©#.©
##.##.###..##≈..#.#..
#ß.........###..#[.##
#.....#.#....#..#....
########.#.#...©#..#####
ß)ß=ß.ß#...#....#.∩.....
∩......@.###....#.......
ß[ß[ß.ß#.Y.#...©#..#####
########Y#3#....#..#s#..
#.....#.#..###..#y.#.
#ß....H....##≈..##..#
##.##.###..###§.#.#..
#..... ...##≈..#©.#.
###### .###..#.#..
###≈..##..#


You could see a minotaur (ally target), 2 friendly yaks and a friendly smoke
demon (summoned).


Message History

MASSIVE DAMAGE!! (PAUSE) Unknown command.
You swap places.
The minotaur throws a silver javelin.
The silver javelin pierces through your inugami!!
Your inugami dies!
Your inugami disappears in a puff of smoke!
The silver javelin misses you.
The minotaur blocks your smoke demon's attack. x2
Your smoke demon barely misses the minotaur. 😮 HP[+1] Unknown command.
Casting: Call Canine Familiar (safe; 1% risk of failure)
Confirm with . or Enter, or press ? or * to list all spells.
Okay, then.
Unknown command.
Unknown command.
Casting: Call Canine Familiar (safe; 1% risk of failure)
Confirm with . or Enter, or press ? or * to list all spells.
Casting: Alistair's Intoxication (dangerous; 3% risk of failure)
Press: ? - help, Dir - look around, f - activate You attempt to intoxicate your foes!
Your smoke demon looks rather confused.
The world spins around you!
Your smoke demon closely misses you.
You block your smoke demon's attack.
Your smoke demon hits you but does no damage.
Your smoke demon hits the minotaur but does no damage. x2
The minotaur blocks your smoke demon's attack. 😮 HP[-4]
You take 4 damage, and now have 64/96 hp.
The minotaur attacks as it pursues you!
The minotaur hits you with the +8 long sword of Exchange!!
* * * LOW HITPOINT WARNING * * *
You are electrocuted!
* * * LOW HITPOINT WARNING * * *
The minotaur gores you!
* * * LOW HITPOINT WARNING * * *
Your smoke demon hits you.
* * * LOW HITPOINT WARNING * * *
Your smoke demon barely misses you.
Your smoke demon hits you.
* * * LOW HITPOINT WARNING * * *
😱 HP[-49]
You take 49 damage, and now have 15/96 hp.
MASSIVE DAMAGE!! (PAUSE)
The minotaur blocks your smoke demon's attack. x2
Your smoke demon barely misses the minotaur. 😱 HP[+1] Unknown command.
The minotaur throws a silver javelin.
The silver javelin pierces through you!
* * * LOW HITPOINT WARNING * * *
x2 Your smoke demon hits the minotaur.
The minotaur blocks your smoke demon's attack.
Your smoke demon barely misses the minotaur.
Unknown command. 😱 HP[-14]
You take 14 damage, and now have 2/96 hp.
You swap places.
Something closely misses your yak.
Something hits your yak but does no damage.
Something hits your yak. 😱 HP[+2]
You regained 2 hp, and now have 4/96 hp.
Unknown command.
You swap places.
The world stops spinning.
Something hits your smoke demon!!!
Your smoke demon dies!
Your smoke demon dissolves into shadows! 😱 HP[+1] Unknown command.
You feel better.
The minotaur blocks your yak's attack. 😱 HP[+12]
You regained 12 hp, and now have 17/96 hp. [a] - 315 gold - haste and enlightenment [b] - 580 gold - heal wounds, resistance, might and haste [c] - 220 gold - haste Purchase which effect?
You no longer have enough gold to petition Gozag for potion effects.
You feel much better.
You feel protected.
You feel very mighty all of a sudden.
You feel yourself speed up.
The minotaur hits your yak with the +8 long sword of Exchange!!!
Your yak dies!
Your yak's corpse dissolves into shadows! 😨 HP[+26]
You regained 26 hp, and now have 43/96 hp.
You swap places.
The minotaur throws a silver javelin.
The silver javelin pierces through your yak!
The silver javelin pierces through you!!
* * * LOW HITPOINT WARNING * * *
x2 😱 HP[-31]
You take 31 damage, and now have 12/96 hp.
MASSIVE DAMAGE!! (PAUSE)
Found a gate leading back out of this place.
The minotaur throws a silver javelin.
The silver javelin pierces through your yak!!!
Your yak dies!
Your yak's corpse dissolves into shadows!
The silver javelin pierces through your yak!
The silver javelin pierces through you!!
You die...
Your body crumbles into a pile of gold.

Skill      XL: |  1  2  3  4  5  6  7  8  9 10 11 12 13 |
---------------+----------------------------------------+-----
Spellcasting   | 3 7 9 |  9.5
Conjurations   | 3 7 9 |  9.5
Hexes          | 3 7 9 |  9.5
Summonings     | 3 7 9 |  9.5
Necromancy     | 3 7 9 |  9.5
Translocations | 3 7 9 |  9.5
Fire Magic     | 3 7 9 |  9.5
Ice Magic      | 3 7 9 |  9.5
Air Magic      | 3 7 9 |  9.5
Earth Magic    | 3 7 9 |  9.5
Alchemy        | 3 7 9 |  9.5
Fighting       | 3 4 8 10 | 10.0
Axes           | 1 2 4 8 9 11 | 11.8
Dodging        | 6 8 |  8.0
Maces & Flails | |  2.4

Action                     |  1- 3 |  4- 6 |  7- 9 | 10-12 | 13-15 || total
---------------------------+-------+-------+-------+-------+-------++-------
  Melee: Mace              |    16 |       |       |       |       ||    16
         Dagger            |   123 |     4 |       |       |       ||   127
         War axe           |       |    29 |   122 |   405 |    18 ||   574
  Throw: Dart              |     5 |     2 |    12 |    33 |     8 ||    60
   Cast: Necrotise         |    19 |    83 |    14 |       |       ||   116
         Momentum Strike   |     3 |     1 |     4 |     1 |       ||     9
         Fugue of the Fall |       |       |     1 |     5 |       ||     6
         Hailstorm         |       |       |       |    12 |       ||    12
         Call Canine Famil |       |       |       |    10 |     1 ||    11
         Blink             |       |       |       |     1 |       ||     1
         Lee's Rapid Decon |       |       |       |       |    20 ||    20
         Alistair's Intoxi |       |       |       |       |     1 ||     1
 Invoke: Call Merchant     |       |       |       |     2 |       ||     2
         Potion Petition   |       |       |       |       |     1 ||     1
  Evoke: Wand              |       |       |     1 |     6 |     2 ||     9
    Use: Scroll            |       |     2 |     7 |    13 |     5 ||    27
         Potion            |       |       |       |     1 |     1 ||     2
   Stab: Sleeping          |       |       |     7 |     5 |       ||    12
         Paralysed         |       |       |     4 |       |       ||     4
         Distracted        |       |       |       |     6 |       ||     6
 Armour: Leather armour    |    88 |    30 |    53 |   151 |       ||   322
         Robe              |       |       |       |    60 |    28 ||    88
  Dodge: Dodged            |    69 |    31 |   103 |   279 |    19 ||   501
  Block: Other             |       |       |       |    88 |     3 ||    91

Levels and vault maps discovered:
D:1:      lemuel_arrival_river_ford, layout_basic, minmay_rat_gold_closets
D:2:      layout_rooms
D:3:      layout_basic, nicolae_kite_square_tiling_tiny
D:4:      layout_cave_pools, minitemple, mainiacjoe_overflow_paths,
          ebering_ghost_rock_garden, uniq_robin
D:5:      layout_basic, chequers_temple_overflow_statue_of_worship,
          minmay_temple_entry_mini_moons, gup_sewer_entry_bubbles
D:6:      layout_basic, nicolae_qazlal_scattered_showers
D:7:      due_chaos_kobolds, layout_basic, lightli_temple_of_fire
D:8:      layout_loops_corners, led_sif_pool, uniq_erica
D:9:      layout_irregular_city, lair_entry_dummy,
          kennysheep_orc_monster_closet_entryway
D:10:     layout_roguey
Lair:1:   hellmonk_destroyed_diamonds, layout_cave_pods, minivault_11,
          infiniplex_staircase_pool_2
Lair:2:   layout_roguey, nicolae_spider_entry_orb_guardian
Lair:3:   layout_small_grid, mainiacjoe_swamp_entry_angry_trees, dpeg_oklob_1
Lair:4:   layout_gridlike, nicolae_slime_entry_slimehenge,
          gauntlet_entry_generic, serial_forest, infiniplex_forest_end_3,
          infiniplex_forest_zigzag_2, infiniplex_forest_lined_room_2,
          infiniplex_forest_straight_1, infiniplex_forest_fountain,
          infiniplex_forest_clump_diagonal, infiniplex_forest_clump_long,
          infiniplex_forest_clump_double, infiniplex_forest_diagonal,
          infiniplex_forest_clump_cross, serial_bayou_ford_a
Gauntlet: minmay_gauntlet_mixed_big_or_small [gammafunk_gauntlet_arena_spirals,
          minmay_gauntlet_arena_77_chump_sandwich,
          gammafunk_gauntlet_arena_teeth,
          minmay_gauntlet_arena_77_radiant_squares,
          gammafunk_gauntlet_arena_arrow_garden, minmay_gauntlet_arena_77_box,
          nicolae_gauntlet_exit_dead_adventurers]

Notes
Turn   | Place    | Note
-------+----------+-------------------------------------------
     0 | D:1      | MackTheKnife the Djinni Reaver began the quest for the Orb.
     0 | D:1      | MackTheKnife set off with the following spells memorised:
                  | Kiss of Death, Momentum Strike, Hailstorm.
     0 | D:1      | Reached XP level 1. HP: 18/18 MP: 0/0
     0 | D:1      | magus.rc [v1.9.6]
    58 | D:1      | Reached skill level 3 in Spellcasting
    58 | D:1      | Reached skill level 3 in Conjurations
    58 | D:1      | Reached skill level 3 in Hexes
    58 | D:1      | Reached skill level 3 in Summonings
    58 | D:1      | Reached skill level 3 in Necromancy
    58 | D:1      | Reached skill level 3 in Translocations
    58 | D:1      | Reached skill level 3 in Fire Magic
    58 | D:1      | Reached skill level 3 in Ice Magic
    58 | D:1      | Reached skill level 3 in Air Magic
    58 | D:1      | Reached skill level 3 in Earth Magic
    58 | D:1      | Reached skill level 3 in Alchemy
   161 | D:1      | Reached XP level 2. HP: 15/23 MP: 0/0
   470 | D:1      | Reached XP level 3. HP: 28/29 MP: 0/0
   470 | D:1      | Learned a level 1 spell: Necrotise
   976 | D:2      | Reached skill level 3 in Fighting
  1142 | D:2      | Reached XP level 4. HP: 31/35 MP: 0/0
  1417 | D:2      | Reached XP level 5. HP: 40/40 MP: 0/0
  1417 | D:2      | Learned a level 2 spell: Blink
  2465 | D:4      | Noticed Robin
  2666 | D:4      | Identified the +11 war axe "Jellybane" {freeze, rF+ Stlth+}
  2699 | D:4      | Reached skill level 4 in Fighting
  2721 | D:4      | Reached skill level 1 in Axes
  2721 | D:4      | Reached XP level 6. HP: 41/47 MP: 0/0
  2930 | D:4      | Killed Robin
  2999 | D:4      | Reached skill level 2 in Axes
  3014 | D:4      | Found an opulent altar of Gozag.
  3039 | D:4      | Reached XP level 7. HP: 48/53 MP: 0/0
  3039 | D:4      | Learned a level 3 spell: Fugue of the Fallen
  3065 | D:4      | Reached skill level 3 in Axes
  3179 | D:4      | Found a runed translucent gate.
  3181 | D:4      | Found a runed translucent gate.
  3181 | D:4      | Found a runed translucent gate.
  3182 | D:4      | Noticed Estrix's ghost (amateur DrSh)
  3305 | D:4      | Became a worshipper of Gozag Ym Sagoz the Greedy
  3389 | D:4      | Found a sacrificial altar of Ru.
  3389 | D:4      | Found a burning altar of Makhleb.
  3397 | D:4      | Found a shadowy altar of Dithmenos.
  3398 | D:4      | Found a shimmering altar of Xom.
  3400 | D:4      | Found a hazy altar of Hepliaklqana.
  3401 | D:4      | Found an ornate altar of the Wu Jian Council.
  3402 | D:4      | Found a white marble altar of Elyvilon.
  3500 | D:5      | Entered Level 5 of the Dungeon
  3742 | D:5      | Found a glowing drain.
  3745 | D:5      | Reached skill level 4 in Axes
  3753 | Sewer    | Entered a sewer
  3822 | Sewer    | Noticed Pargi
  3833 | Sewer    | Killed Pargi
  4021 | D:5      | Found a snail-covered altar of Cheibriados.
  4023 | D:5      | Found a blossoming altar of Fedhas.
  4051 | D:5      | Reached XP level 8. HP: 57/58 MP: 0/0
  4126 | D:5      | Reached skill level 5 in Axes
  4274 | D:5      | Found a staircase to the Ecumenical Temple.
  4457 | D:6      | Reached skill level 6 in Axes
  4653 | D:6      | Found a stormy altar of Qazlal.
  5369 | D:6      | Noticed a two-headed ogre
  5379 | D:6      | Killed a two-headed ogre
  5380 | D:6      | Reached skill level 8 in Axes
  5380 | D:6      | Reached XP level 9. HP: 63/63 MP: 0/0
  5380 | D:6      | Learned a level 3 spell: Call Canine Familiar
  5382 | D:6      | Identified the +0 chain mail of Grace {rN+}
  5686 | D:7      | Found a large runed translucent door.
  5686 | D:7      | Found a large runed translucent door.
  5686 | D:7      | Found a corrupted altar of Lugonu.
  5830 | D:7      | Noticed a troll
  5839 | D:7      | Killed a troll
  5840 | D:7      | Reached skill level 9 in Axes
  6009 | D:7      | Identified the serpent talisman of Uskayaw's Anger {+Blink
                  | MP+9 Dex+3}
  6028 | D:7      | Found a bloodstained altar of Trog.
  6197 | D:7      | Reached XP level 10. HP: 69/69 MP: 0/0
  6363 | D:7      | Found a one-way gate to the infinite horrors of the Abyss.
  6468 | D:8      | Reached skill level 5 in Fighting
  6545 | D:8      | Noticed Erica
  6556 | D:8      | Killed Erica
  6557 | D:8      | Reached skill level 6 in Fighting
  6557 | D:8      | Reached skill level 10 in Axes
  7434 | D:8      | Bought a runed cabochon amulet for 165 gold pieces
  7605 | D:9      | Found a staircase to the Orcish Mines.
  7614 | D:9      | Reached skill level 7 in Fighting
  7623 | D:9      | HP: 18/75 [troll (9)]
  8229 | D:9      | Found a staircase to the Lair.
  8255 | D:9      | Reached skill level 11 in Axes
  8263 | D:9      | Reached skill level 8 in Fighting
  8263 | D:9      | Reached XP level 11. HP: 58/81 MP: 0/0
  8263 | D:9      | Learned a level 5 spell: Alistair's Intoxication
  8972 | D:10     | Entered Level 10 of the Dungeon
  9054 | D:10     | Reached skill level 9 in Fighting
  9091 | D:10     | HP: 19/84 [killer bee (4)]
  9679 | D:10     | HP: 18/85 [yak (13)]
  9927 | D:10     | Reached skill level 10 in Fighting
  9930 | D:10     | Reached skill level 3 in Dodging
 10251 | Lair:1   | Entered Level 1 of the Lair of Beasts
 10305 | D:8      | HP: 15/85 [yak (10)]
 10568 | Lair:1   | Reached skill level 4 in Dodging
 10748 | Lair:1   | Reached skill level 5 in Dodging
 10786 | Lair:1   | HP: 8/85 [komodo dragon (28)]
 11165 | Lair:1   | Reached skill level 6 in Dodging
 11211 | D:9      | Reached XP level 12. HP: 69/91 MP: 0/0
 11458 | Lair:1   | Identified a scroll of acquirement
 11458 | Lair:1   | Acquired the +1 cloak of the Soft God {Regen+ Int+2}
 11551 | Lair:1   | Reached skill level 7 in Dodging
 11765 | Lair:1   | Reached skill level 8 in Dodging
 11766 | Lair:1   | Reached skill level 4 in Spellcasting
 11766 | Lair:1   | Reached skill level 4 in Conjurations
 11766 | Lair:1   | Reached skill level 4 in Hexes
 11766 | Lair:1   | Reached skill level 4 in Summonings
 11766 | Lair:1   | Reached skill level 4 in Necromancy
 11766 | Lair:1   | Reached skill level 4 in Translocations
 11766 | Lair:1   | Reached skill level 4 in Fire Magic
 11766 | Lair:1   | Reached skill level 4 in Ice Magic
 11766 | Lair:1   | Reached skill level 4 in Air Magic
 11766 | Lair:1   | Reached skill level 4 in Earth Magic
 11766 | Lair:1   | Reached skill level 4 in Alchemy
 12230 | Lair:2   | Noticed a catoblepas
 12246 | Lair:2   | Killed a catoblepas
 12389 | Lair:2   | Reached skill level 5 in Spellcasting
 12389 | Lair:2   | Reached skill level 5 in Conjurations
 12389 | Lair:2   | Reached skill level 5 in Hexes
 12389 | Lair:2   | Reached skill level 5 in Summonings
 12389 | Lair:2   | Reached skill level 5 in Necromancy
 12389 | Lair:2   | Reached skill level 5 in Translocations
 12389 | Lair:2   | Reached skill level 5 in Fire Magic
 12389 | Lair:2   | Reached skill level 5 in Ice Magic
 12389 | Lair:2   | Reached skill level 5 in Air Magic
 12389 | Lair:2   | Reached skill level 5 in Earth Magic
 12389 | Lair:2   | Reached skill level 5 in Alchemy
 12700 | Lair:2   | Reached skill level 6 in Spellcasting
 12700 | Lair:2   | Reached skill level 6 in Conjurations
 12700 | Lair:2   | Reached skill level 6 in Hexes
 12700 | Lair:2   | Reached skill level 6 in Summonings
 12700 | Lair:2   | Reached skill level 6 in Necromancy
 12700 | Lair:2   | Reached skill level 6 in Translocations
 12700 | Lair:2   | Reached skill level 6 in Fire Magic
 12700 | Lair:2   | Reached skill level 6 in Ice Magic
 12700 | Lair:2   | Reached skill level 6 in Air Magic
 12700 | Lair:2   | Reached skill level 6 in Earth Magic
 12700 | Lair:2   | Reached skill level 6 in Alchemy
 12955 | Lair:2   | Found a hole to the Spider Nest.
 12955 | Lair:2   | Noticed an orb spider
 12962 | Lair:2   | Killed an orb spider
 13201 | Lair:3   | Noticed a five-headed hydra
 13211 | Lair:3   | HP: 14/91 [ten-headed hydra (12)]
 13226 | Lair:3   | Killed a ten-headed hydra
 13386 | Lair:3   | Noticed a spriggan druid
 13395 | Lair:3   | Reached skill level 7 in Spellcasting
 13395 | Lair:3   | Reached skill level 7 in Conjurations
 13395 | Lair:3   | Reached skill level 7 in Hexes
 13395 | Lair:3   | Reached skill level 7 in Summonings
 13395 | Lair:3   | Reached skill level 7 in Necromancy
 13395 | Lair:3   | Reached skill level 7 in Translocations
 13395 | Lair:3   | Reached skill level 7 in Fire Magic
 13395 | Lair:3   | Reached skill level 7 in Ice Magic
 13395 | Lair:3   | Reached skill level 7 in Air Magic
 13395 | Lair:3   | Reached skill level 7 in Earth Magic
 13395 | Lair:3   | Reached skill level 7 in Alchemy
 13863 | Lair:3   | Reached XP level 13. HP: 65/96 MP: 0/0
 13863 | Lair:3   | Learned a level 5 spell: Lee's Rapid Deconstruction
 13870 | Lair:3   | Reached skill level 8 in Spellcasting
 13870 | Lair:3   | Reached skill level 8 in Conjurations
 13870 | Lair:3   | Reached skill level 8 in Hexes
 13870 | Lair:3   | Reached skill level 8 in Summonings
 13870 | Lair:3   | Reached skill level 8 in Necromancy
 13870 | Lair:3   | Reached skill level 8 in Translocations
 13870 | Lair:3   | Reached skill level 8 in Fire Magic
 13870 | Lair:3   | Reached skill level 8 in Ice Magic
 13870 | Lair:3   | Reached skill level 8 in Air Magic
 13870 | Lair:3   | Reached skill level 8 in Earth Magic
 13870 | Lair:3   | Reached skill level 8 in Alchemy
 14189 | Lair:4   | Noticed a catoblepas
 14232 | Lair:4   | Found a gate leading to a gauntlet.
 14243 | Gauntlet | Entered a Gauntlet
 14243 | Gauntlet | Found a transporter.
 14243 | Gauntlet | Found a transporter.
 14243 | Gauntlet | Found a transporter.
 14270 | Gauntlet | Found a transporter.
 14281 | Gauntlet | Found a transporter.
 14283 | Gauntlet | Found a transporter.
 14297 | Gauntlet | Found a transporter.
 14314 | Gauntlet | Found a transporter.
 14329 | Gauntlet | Found a transporter.
 14340 | Gauntlet | Found a transporter.
 14343 | Gauntlet | Found a transporter.
 14412 | Gauntlet | Found a transporter.
 14443 | Gauntlet | Identified the ring "Qecreec" {EV+5 Dex+4}
 14471 | Gauntlet | Reached skill level 9 in Spellcasting
 14471 | Gauntlet | Reached skill level 9 in Conjurations
 14471 | Gauntlet | Reached skill level 9 in Hexes
 14471 | Gauntlet | Reached skill level 9 in Summonings
 14471 | Gauntlet | Reached skill level 9 in Necromancy
 14471 | Gauntlet | Reached skill level 9 in Translocations
 14471 | Gauntlet | Reached skill level 9 in Fire Magic
 14471 | Gauntlet | Reached skill level 9 in Ice Magic
 14471 | Gauntlet | Reached skill level 9 in Air Magic
 14471 | Gauntlet | Reached skill level 9 in Earth Magic
 14471 | Gauntlet | Reached skill level 9 in Alchemy
 14545 | Gauntlet | Identified the ring of the Devil {Fly rF+ rN+}
 14580 | Gauntlet | Identified the +8 long sword of Exchange {elec, Stlth+}
 14580 | Gauntlet | Identified the +0 plate armour "Metuerch" {-Cast Regen+
                  | Slay+4}
 14580 | Gauntlet | Noticed a minotaur
 14585 | Gauntlet | HP: 21/96 [minotaur/the +8 long sword of Exchange {elec,
                  | Stlth+} (13)]
 14587 | Gauntlet | HP: 6/96 [minotaur/silver javelin (11)]
 14587 | Gauntlet | HP: 2/96 [minotaur/silver javelin (4)]
 14592 | Gauntlet | HP: 19/96 [minotaur/silver javelin (25)]
 14593 | Gauntlet | Hit by a silver javelin thrown by a minotaur

Vanquished Creatures
  A hydra (Lair:3)
  A catoblepas (Lair:2)
  Erica (D:8)
  A boulder beetle (Lair:3)
  A two-headed ogre (D:6)
  A death drake (Gauntlet)
  An orb spider (Lair:2)
  A spectral wolf spider (Gauntlet)
  2 black mambas
  A spectral centaur (Gauntlet)
  A moth of wrath (Gauntlet)
  A cane toad (Lair:3)
  An unseen horror (D:10)
  2 komodo dragons (Lair:1)
  An efreet (D:10)
  A redback zombie (Gauntlet)
  4 trolls
  3 hornets (Gauntlet)
  13 blink frogs
  A meliai zombie (Gauntlet)
  2 wyverns
  23 yaks
  3 basilisks
  2 steam dragons (D:8)
  15 water moccasins
  Pargi (Sewer)
  6 orc warriors
  3 ice beasts
  2 sky beasts (D:8)
  A black bear (Lair:3)
  An ogre (D:9)
  13 wolves
  2 centaurs
  A phantom (D:5)
  3 kobold brigands
  13 bullfrogs
  2 gnoll sergeants (D:9)
  3 scorpions
  15 killer bees
  2 electric eels (Lair:4)
  2 bombardier beetles
  3 hounds
  2 jellies
  4 orc priests
  A gnoll bouda (D:4)
  5 iguanas
  A sleepcap (D:6)
  9 orc wizards
  Robin (D:4)
  17 gnolls
  5 adders
  A river rat (D:5)
  2 white imps
  A ribbon worm (D:2)
  A dart slug (D:1)
  22 orcs
  5 bats
  3 endoplasms
  3 giant cockroaches
  14 goblins
  12 hobgoblins
  4 jackals
  10 kobolds
  8 quokkas
  6 ball pythons
  6 frilled lizards
  12 rats
312 creatures vanquished.

Vanquished Creatures (collateral kills)
  2 yaks (D:9)
  2 goblins
4 creatures vanquished.

Grand Total: 316 creatures vanquished

Table legend:
 A = Non-vault XP
 B = Vault XP
 C = Vault XP percentage of total XP
 D = Non-vault monster count
 E = Vault monster count
 F = Vault count percentage of total count
                 A         B        C        D         E       F
            +---------+---------+-------+---------+---------+-------
      Total |   25355 |    7816 |  23.6 |     252 |      64 |  20.3
            +---------+---------+-------+---------+---------+-------
        D:1 |      41 |       7 |  14.6 |      24 |       7 |  22.6
        D:2 |      99 |       0 |   0.0 |      21 |       0 |   0.0
        D:3 |      22 |       2 |   8.3 |       7 |       1 |  12.5
        D:4 |     438 |      34 |   7.2 |      25 |      11 |  30.6
        D:5 |     491 |      22 |   4.3 |      14 |       6 |  30.0
        D:6 |    1344 |       0 |   0.0 |      13 |       0 |   0.0
        D:7 |    1287 |       0 |   0.0 |      13 |       0 |   0.0
        D:8 |     786 |     831 |  51.4 |       7 |       1 |  12.5
        D:9 |    2953 |    1287 |  30.4 |      29 |      18 |  38.3
       D:10 |    3627 |       0 |   0.0 |      32 |       0 |   0.0
     Lair:1 |    4897 |       0 |   0.0 |      30 |       0 |   0.0
     Lair:2 |    3325 |     737 |  18.1 |      12 |       1 |   7.7
     Lair:3 |    5652 |     403 |   6.7 |      21 |       1 |   4.5
     Lair:4 |     393 |       0 |   0.0 |       4 |       0 |   0.0
      Sewer |       0 |     141 | 100.0 |       0 |       4 | 100.0
   Gauntlet |       0 |    4352 | 100.0 |       0 |      14 | 100.0
            +---------+---------+-------+---------+---------+-------

Skill      XL: |  1  2  3  4  5  6  7  8  9 10 11 12 13 |
---------------+----------------------------------------+-----
Spellcasting   | 3 7 9 |  9.5
Conjurations   | 3 7 9 |  9.5
Hexes          | 3 7 9 |  9.5
Summonings     | 3 7 9 |  9.5
Necromancy     | 3 7 9 |  9.5
Translocations | 3 7 9 |  9.5
Fire Magic     | 3 7 9 |  9.5
Ice Magic      | 3 7 9 |  9.5
Air Magic      | 3 7 9 |  9.5
Earth Magic    | 3 7 9 |  9.5
Alchemy        | 3 7 9 |  9.5
Fighting       | 3 4 8 10 | 10.0
Axes           | 1 2 4 8 9 11 | 11.8
Dodging        | 6 8 |  8.0
Maces & Flails | |  2.4

Action                     |  1- 3 |  4- 6 |  7- 9 | 10-12 | 13-15 || total
---------------------------+-------+-------+-------+-------+-------++-------
  Melee: Mace              |    16 |       |       |       |       ||    16
         Dagger            |   123 |     4 |       |       |       ||   127
         War axe           |       |    29 |   122 |   405 |    18 ||   574
  Throw: Dart              |     5 |     2 |    12 |    33 |     8 ||    60
   Cast: Necrotise         |    19 |    83 |    14 |       |       ||   116
         Momentum Strike   |     3 |     1 |     4 |     1 |       ||     9
         Fugue of the Fall |       |       |     1 |     5 |       ||     6
         Hailstorm         |       |       |       |    12 |       ||    12
         Call Canine Famil |       |       |       |    10 |     1 ||    11
         Blink             |       |       |       |     1 |       ||     1
         Lee's Rapid Decon |       |       |       |       |    20 ||    20
         Alistair's Intoxi |       |       |       |       |     1 ||     1
 Invoke: Call Merchant     |       |       |       |     2 |       ||     2
         Potion Petition   |       |       |       |       |     1 ||     1
  Evoke: Wand              |       |       |     1 |     6 |     2 ||     9
    Use: Scroll            |       |     2 |     7 |    13 |     5 ||    27
         Potion            |       |       |       |     1 |     1 ||     2
   Stab: Sleeping          |       |       |     7 |     5 |       ||    12
         Paralysed         |       |       |     4 |       |       ||     4
         Distracted        |       |       |       |     6 |       ||     6
 Armour: Leather armour    |    88 |    30 |    53 |   151 |       ||   322
         Robe              |       |       |       |    60 |    28 ||    88
  Dodge: Dodged            |    69 |    31 |   103 |   279 |    19 ||   501
  Block: Other             |       |       |       |    88 |     3 ||    91

Illustrated notes

Table legend:
 A = Kills in this place as a percentage of kills in the entire game.
 B = Kills by you in this place as a percentage of kills by you in the entire game.
 C = Kills by friends in this place as a percentage of kills by friends in the entire game.
 D = Other kills in this place as a percentage of other kills in the entire game.
 E = Experience gained in this place as a percentage of experience gained in the entire game.
 F = Experience gained in this place divided by the number of levels of this place that you have seen.
                   A       B       C       D       E      F
               +-------+-------+-------+-------+-------+----------------------
         Total | 100.0 | 100.0 | 100.0 |   N/A | 100.0 | 2073.2
       Dungeon |  72.5 |  72.1 | 100.0 |   N/A |  40.0 | 1327.1
          Lair |  21.8 |  22.1 |   0.0 |   N/A |  46.4 | 3851.8
         Sewer |   1.3 |   1.3 |   0.0 |   N/A |   0.4 | 141.0
      Gauntlet |   4.4 |   4.5 |   0.0 |   N/A |  13.1 | 4352.0
               +-------+-------+-------+-------+-------+----------------------

Table legend: (Time is in decaauts)
 A = Elapsed time spent in this place.
 B = Non-inter-level travel time spent in this place.
 C = Inter-level travel time spent in this place.
 D = Time resting spent in this place.
 E = Time spent auto-exploring this place.
 F = Levels seen in this place.
 G = Mean time per level.
                   A        B        C        D        E       F      G
               +--------+--------+--------+--------+--------+-----+--------+
         Total |  14555 |  14057 |    498 |   2209 |   9326 |  16 |  909.7 |
       Dungeon |  10646 |  10250 |    396 |   1901 |   6669 |  10 | 1064.6 |
          Lair |   3367 |   3265 |    102 |    175 |   2403 |   4 |  841.8 |
         Sewer |    193 |    193 |      0 |     63 |     85 |   1 |  193.0 |
      Gauntlet |    348 |    348 |      0 |     70 |    169 |   1 |  348.0 |
               +--------+--------+--------+--------+--------+-----+--------+

Top non-repeatable levels by time:
     D:9: 1660 daAuts
     D:8: 1484 daAuts
  Lair:1: 1348 daAuts
    D:10: 1253 daAuts
     D:6: 1243 daAuts
  Lair:3: 1071 daAuts
     D:3: 1040 daAuts
     D:1: 918 daAuts
     D:4: 878 daAuts
  Lair:2: 871 daAuts
     D:5: 767 daAuts
     D:7: 761 daAuts
     D:2: 638 daAuts
Gauntlet: 348 daAuts
   Sewer: 193 daAuts
